 Dungeon Crawl Stone Soup version 0.31-a0-325-g067879e3d3 (webtiles) character file.

Game seed: 5072277090519812788

1066 HallandMoats the Trooper (level 8, 0/67 HPs)
             Began as a Demonspawn Monk on July 18, 2023.
             Was an Elder of Makhleb.
             Succumbed to a gnoll sergeant's poison
             ... on level 5 of the Dungeon.
             The game lasted 00:08:27 (4344 turns).

HallandMoats the Trooper (Demonspawn Monk)          Turns: 4344, Time: 00:08:28

Health: 0/67       AC: 13    Str: 13    XL:     8   Next: 7%
Magic:  12/12      EV: 15    Int: 12    God:    Makhleb [****..]
Gold:   282        SH:  0    Dex: 16    Spells: 7/7 levels left

rFire   . . .        a - +0 hand axe
rCold   . . .        d - orb {light}
rNeg    . . .        k - +0 scale mail
rPois   .            o - +0 helmet
rElec   .            (no cloak)
rCorr   .            i - +2 pair of gloves
SInv    +            (no boots)
Will    .....        (no amulet) Stlth
                     (no ring)
HPRegen 0.31/turn    (no ring)
MPRegen 0.13/turn

%: no passive effects
@: brilliant, agile, lethally poisoned (0 -> -6), glowing
A: molten scales 2, demonic guardian 1, powered by pain 1, see invisible,
subdued magic 1, inability to read after injury 1
a: Renounce Religion, Minor Destruction, Lesser Servant of Makhleb, Major
Destruction


You were on level 5 of the Dungeon.
You worshipped Makhleb.
Makhleb was greatly pleased with you.
You visited 1 branch of the dungeon, and saw 5 of its levels.

You collected 282 gold pieces.

Inventory:

Hand Weapons
 a - a +0 hand axe (weapon)
Missiles
 r - a throwing net
Armour
 d - an orb of light (worn)
 i - a +2 pair of gloves (worn)
 k - a +0 scale mail (worn)
 o - a +0 helmet (worn)
Jewellery
 q - a ring of ice
Talismans
 p - a serpent talisman
Scrolls
 b - 2 scrolls of teleportation {unknown}
 e - 3 scrolls of immolation {unknown}
 f - a scroll of enchant weapon {unknown}
 j - 6 scrolls of identify {unknown}
 n - a scroll of fog {unknown}
 s - a scroll of enchant armour {unknown}
 u - a scroll of poison {unknown}
 v - a scroll of fear {unknown}
Potions
 h - 2 potions of invisibility
 t - a potion of attraction


   Skills:
 * Level 7.4 Fighting
 + Level 5.1 Axes
 - Level 2.6 Dodging
 + Level 5.6 Invocations


You had 7 spell levels left.
You didn't know any spells.
Your spell library contained the following spells:

 Spells                   Type           Power      Damage    Failure   Level
 Sandblast                Erth           0%         2d4       83%         1
 Shock                    Conj/Air       0%         1d3       83%         1
 Swiftness                Air            0%         N/A       99%         3
 Airstrike                Air            0%         2d(0-16)  100%        4


Dungeon Overview and Level Annotations

Branches:
Dungeon (5/15)             Temple (0/1) D:5

Altars:
Makhleb


Innate Abilities, Weirdness & Mutations

You are mostly covered in molten scales. (AC +3)
A weak demonic guardian rushes to your aid.
You sometimes gain a little power by taking damage.
You have supernaturally acute eyesight. (SInv)
Your spells are a little easier to cast, but a little less powerful.
You occasionally lose the ability to read scrolls when taking damage.


Message History

Your quasit closely misses the gnoll sergeant.
The gnoll sergeant misses your quasit.
It was a potion of mutation.
You feel extremely strange.
Your connection to magic feels subdued.
You occasionally lose the ability to read scrolls when taking damage.
Your vision sharpens.
* * * LOW HITPOINT WARNING * * *
You feel very sick.
Your quasit bites the gnoll sergeant but does no damage.
Your quasit claws the gnoll sergeant. x2
The gnoll sergeant hits your quasit with a +2 spear of venom!
Unknown command.
Unknown command.
Unknown command.
It was a potion of brilliance.
You feel clever all of a sudden.
* * * LOW HITPOINT WARNING * * *
You feel sick.
Your quasit barely misses the gnoll sergeant.
Your quasit closely misses the gnoll sergeant.
Your quasit completely misses the gnoll sergeant.
The gnoll sergeant hits your quasit with a +2 spear of venom!
Your quasit dies!
Your quasit disappears in a puff of smoke!
Your smoke demon gestures at the gnoll sergeant.
The sticky flame hits the gnoll sergeant.
The gnoll sergeant dies!
Makhleb accepts your kill.
Unknown command.
What are your orders? t - Shout!
Orders for allies: a - Attack new target. r - Retreat! s - Stop attacking. g - Guard the area. f - Follow me.
Anything else - Cancel.
Gang up on whom?
Press: ? - help, Dir - move target, f - hound
Aim: a hound Attack!
You die...

#g# ### #h# ..#
###.############.#
#h............##.#
#)#.#########.##.#
#ยง#.# #.##.#
#3#.# #..#.# #.#.#
# ##.#.# #@#..
#.###....
#......#.......#.#
######.#.#........
##......# ##.#####
#. ### #.###..
..... ##..


You could see a hound (ally target) and a friendly smoke demon (summoned).

Vanquished Creatures
  Eustachio (D:4)
  A black bear (D:5)
  2 kobold brigands (D:4)
  A hound (D:5)
  An orc priest (D:5)
  Jessica (D:2)
  A sleepcap (D:4)
  A gnoll bouda (D:5)
  8 adders
  6 gnolls (D:5)
  A river rat (D:4)
  A worm (D:2)
  2 dart slugs
  14 orcs
  7 bats
  2 endoplasms
  7 giant cockroaches
  5 goblins
  11 hobgoblins
  3 jackals (D:3)
  3 quokkas
  10 ball pythons
  2 frilled lizards (D:1)
  17 kobolds
  7 rats
115 creatures vanquished.

Vanquished Creatures (collateral kills)
  Sigmund (D:2)
  A black bear (D:2)
  A gnoll sergeant (D:5)
  A worm (D:2)
  An endoplasm (D:2)
  A hobgoblin (D:2)
  2 ball pythons
8 creatures vanquished.

Vanquished Creatures (others)
  A quokka (D:5)
1 creature vanquished.

Grand Total: 124 creatures vanquished

Notes
Turn   | Place    | Note
-------+----------+-------------------------------------------
     0 | D:1      | HallandMoats the Demonspawn Monk began the quest for the
                  | Orb.
     0 | D:1      | Reached XP level 1. HP: 18/18 MP: 1/1
    49 | D:1      | Gained mutation: You are partially covered in molten
                  | scales. (AC +2) [demonic ancestry]
    49 | D:1      | Reached XP level 2. HP: 19/24 MP: 2/2
   322 | D:1      | You fall into a shaft and drop 1 floor!
   326 | D:2      | Found a burning altar of Makhleb.
   340 | D:2      | Became a worshipper of Makhleb the Destroyer
   340 | D:2      | Reached * piety under Makhleb
   340 | D:2      | Reached ** piety under Makhleb
   347 | D:2      | Gained mutation: You are mostly covered in molten scales.
                  | (AC +3) [demonic ancestry]
   347 | D:2      | Reached XP level 3. HP: 30/30 MP: 3/3
   353 | D:2      | Reached skill level 4 in Fighting
   495 | D:2      | Reached skill level 1 in Invocations
   604 | D:2      | Noticed Jessica
   625 | D:2      | Killed Jessica
   626 | D:2      | Reached XP level 4. HP: 16/38 MP: 3/5
   868 | D:2      | Noticed a black bear
  1348 | D:2      | Noticed Sigmund
  1510 | D:3      | Found a faded altar of an unknown god.
  1555 | D:3      | Got Plato's Volume of Erosion
  1628 | D:3      | Reached XP level 5. HP: 41/43 MP: 6/6
  2247 | D:4      | Noticed Eustachio
  2293 | D:4      | Killed Eustachio
  2293 | D:4      | Reached *** piety under Makhleb
  2294 | D:4      | Reached skill level 5 in Fighting
  2294 | D:4      | Gained mutation: A weak demonic guardian rushes to your
                  | aid. [demonic ancestry]
  2294 | D:4      | Reached XP level 6. HP: 28/51 MP: 6/8
  2759 | D:4      | Reached skill level 6 in Fighting
  3059 | D:4      | Gained mutation: You sometimes gain a little power by
                  | taking damage. [demonic ancestry]
  3059 | D:4      | Reached XP level 7. HP: 53/53 MP: 10/10
  3449 | D:2      | Killed Sigmund
  3734 | D:5      | Entered Level 5 of the Dungeon
  3821 | D:5      | Reached **** piety under Makhleb
  3822 | D:5      | Reached skill level 5 in Invocations
  3875 | D:5      | Reached skill level 7 in Fighting
  3942 | D:5      | Reached skill level 5 in Axes
  4222 | D:5      | Found a staircase to the Ecumenical Temple.
  4293 | D:5      | Reached XP level 8. HP: 58/67 MP: 12/12
  4298 | D:5      | HP: 3/67 [poisoned by a gnoll sergeant]
  4342 | D:5      | Gained mutation: Your spells are a little easier to cast,
                  | but a little less powerful. [potion of mutation]
  4342 | D:5      | Gained mutation: You occasionally lose the ability to read
                  | scrolls when taking damage. [potion of mutation]
  4342 | D:5      | Gained mutation: You have supernaturally acute eyesight.
                  | (SInv) [potion of mutation]
  4343 | D:5      | HP: 2/67 [poisoned by a gnoll sergeant]
  4344 | D:5      | Succumbed to a gnoll sergeant's poison

Illustrated notes

Levels and vault maps discovered:
D:1:      doesnt_arrival_eight_statues, layout_rooms, interstate_on_off,
          lexackson_kobold_supper
D:2:      layout_rooms, basic_altar, eino_tiny_chamber, minmay_liquid_box,
          minmay_misc_feat_encased, minmay_quadrilaterals, uniq_jessica,
          uniq_sigmund
D:3:      layout_basic, shapermc_ecumenical_altar_rom_forum,
          amcnicky_mini_corridor_feature, minmay_cupped
D:4:      cheibrodos_thug_alley, layout_basic, portal_sewer_entry_e,
          minmay_vboxes, uniq_eustachio
D:5:      layout_basic, elyvilon_altar_4, minmay_temple_entry_gardened_gates

Skill      XL: |  1  2  3  4  5  6  7 |
---------------+----------------------+-----
Axes           | 3 4 5 |  5.1
Fighting       | 4 5 6 7 |  7.4
Invocations    | 1 2 3 4 5 |  5.6
Dodging        | |  2.6

Action                     |  1- 3 |  4- 6 |  7- 9 || total
---------------------------+-------+-------+-------++-------
  Melee: Hand axe          |    97 |   220 |   115 ||   432
 Invoke: Minor Destruction |       |     3 |       ||     3
         Lesser Servant of |       |       |     2 ||     2
    Use: Potion            |       |       |    11 ||    11
 Armour: Robe              |     6 |       |       ||     6
         Chain mail        |    34 |    19 |       ||    53
         Scale mail        |       |   172 |    87 ||   259
  Dodge: Dodged            |    63 |   166 |    72 ||   301

Table legend: (Time is in decaauts)
 A = Elapsed time spent in this place.
 B = Non-inter-level travel time spent in this place.
 C = Inter-level travel time spent in this place.
 D = Time resting spent in this place.
 E = Time spent auto-exploring this place.
 F = Levels seen in this place.
 G = Mean time per level.
                   A        B        C        D        E       F      G
               +--------+--------+--------+--------+--------+-----+--------+
         Total |   4402 |   4250 |    152 |     44 |   3106 |   5 |  880.4 |
       Dungeon |   4402 |   4250 |    152 |     44 |   3106 |   5 |  880.4 |
               +--------+--------+--------+--------+--------+-----+--------+

Top non-repeatable levels by time:
     D:4: 1215 daAuts
     D:3: 952 daAuts
     D:2: 943 daAuts
     D:1: 676 daAuts
     D:5: 615 daAuts
